Map: Abyssal Reef LE

Players

Lambo

  • Race: Zerg Zerg
  • Spawn Location: 5:00

Neeb - Winner!

  • Race: Protoss Protoss
  • Spawn Location: 11:00

Event: WCS Austin 2017

VOD

Have the link to the VOD?

Description

Time

  • Played on: April 29, 2017, 11:48 a.m.
  • Length: 11:04

All games in this series

Show
View Real Time Build Order
Export as new Build Order

Lambo Zerg 

Build Orders: Hatch First, Lurkers 

Get SALT Encoding   

  12  0:00  Drone  
  13  0:12  Overlord  
  13  0:17  Drone  
  14  0:32  Drone  
  15  0:46  Hatchery  
  15  0:48  Drone  
  15  0:52  Drone  
  15  0:56  Drone  
  17  1:01  Drone  
  18  1:10  Extractor  
  17  1:16  Spawning Pool  
  16  1:19  Drone  
  16  1:23  Drone  
  18  1:32  Drone  
  19  1:44  Drone  
  20  1:56  Overlord  
  20  2:03  Queen x2  
  20  2:05  Zergling x4  
  26  2:10  Metabolic Boost  
  26  2:14  Drone  
  27  2:17  Drone  
  27  2:22  Drone  
  29  2:25  Drone  
  30  2:40  Hatchery  
  29  2:46  Queen  
  29  2:49  Drone  
  32  2:56  Overlord  
  32  3:01  Drone x3  
  35  3:13  Drone  
  35  3:15  Spore Crawler  
  35  3:17  Spore Crawler  
  36  3:22  Drone x3  
  36  3:24  Queen  
  36  3:26  Overlord  
  41  3:30  Drone x3  
  44  3:39  Evolution Chamber  
  43  3:46  Drone x5  
  43  3:51  Drone x2  
  43  3:56  Drone x2  
  43  4:01  Drone x2  
  47  4:08  Zergling x6  
  50  4:12  Zergling x4  
  50  4:15  Zerg Melee Weapons Level 1  
  52  4:19  Spore Crawler  
  51  4:24  Drone x2  
  51  4:25  Spore Crawler  
  51  4:28  Drone x2  
  54  4:32  Drone, Spore Crawler  
  54  4:37  Spore Crawler  
  52  4:39  Drone x2, Spore Crawler  
  52  4:42  Drone  
  52  4:43  Drone  
  56  4:46  Zergling x2  
  56  4:48  Overlord x2  
  57  4:55  Overlord  
  57  4:57  Overlord  
  57  5:03  Zergling x2  
  57  5:05  Overlord  
  57  5:06  Zergling x10  
  63  5:13  Baneling Nest  
  62  5:16  Drone x3  
  62  5:17  Lair  
  62  5:20  Drone x2  
  67  5:25  Drone x4  
  67  5:27  Drone  
  72  5:30  Drone  
  72  5:35  Extractor  
  72  5:38  Drone x2  
  72  5:41  Extractor x2  
  72  5:43  Overlord, Extractor  
  72  5:45  Extractor  
  72  5:47  Drone x3  
  73  5:50  Drone x2  
  73  5:51  Drone x3  
  73  5:55  Drone  
  79  6:01  Overlord  
  79  6:02  Hatchery  
  78  6:06  Drone x2  
  78  6:09  Drone  
  78  6:10  Drone x5  
  86  6:20  Hydralisk Den  
  86  6:21  Drone x4  
  86  6:22  Zerg Melee Weapons Level 2  
  88  6:29  Drone x5  
  90  6:40  Overseer  
  90  6:42  Overlord  
  90  6:43  Centrifical Hooks  
  90  6:50  Hydralisk x4  
  90  6:52  Lurker Den  
  100  6:59  Zergling x6  
  106  7:06  Hydralisk x2  
  106  7:07  Zergling x2  
  113  7:09  Spore Crawler  
  113  7:11  Hydralisk  
  113  7:12  Hydralisk  
  113  7:17  Overlord x2  
  113  7:21  Zergling x6  
  113  7:22  Zergling x2, Hydralisk x2  
  118  7:23  Zergling x2  
  118  7:28  Hydralisk  
  119  7:34  Overlord x4  
  119  7:43  Zergling x10  
  119  7:44  Zergling x8  
  127  7:47  Zergling x6  
  130  7:52  Zergling x8  
  130  7:57  Zergling x10  
  139  8:03  Zergling x2  
  139  8:04  Zergling x8  
  144  8:09  Overlord  
  144  8:11  Overlord  
  142  8:12  Baneling  
  142  8:13  Baneling x2  
  142  8:15  Zergling x4  
  137  8:21  Lurker x3  
  137  8:22  Lurker x7  
  137  8:25  Zergling x8  
  151  8:29  Lurker, Overlord  
  151  8:32  Zergling x6  
  151  8:36  Zergling x8  
  148  8:50  Zergling x12  
  148  8:52  Muscular Augments  
  151  8:59  Hydralisk x2  
  151  9:00  Zergling x6  
  158  9:04  Baneling  
  158  9:05  Baneling x11  
  158  9:07  Zerg Missile Weapons Level 1  
  154  9:10  Zergling x6  
  154  9:14  Zergling x2  
  154  9:15  Zergling x6  
  136  9:19  Zergling x2  
  136  9:20  Zergling x4  
  127  9:25  Zergling x2, Hydralisk  
  127  9:26  Zergling x6, Hydralisk  
  127  9:30  Drone x2  
  137  9:35  Lurker x2  
  137  9:36  Baneling x2  
  137  9:37  Baneling  
  137  9:38  Drone x4  
  142  9:39  Hydralisk  
  145  9:47  Zergling x2, Hydralisk  
  145  9:48  Zergling x6  
  149  9:55  Zergling x6  
  149  9:59  Zergling x4, Hydralisk x2  
  156  10:00  Zergling x4  
  156  10:04  Hydralisk x3  
  161  10:15  Zergling x8  
  161  10:17  Baneling  
  161  10:20  Zergling x4  
  167  10:21  Hatchery  
  167  10:26  Zergling x12  
  165  10:29  Baneling x5  
  165  10:32  Zergling x12  
  165  10:35  Baneling x3  
  162  10:36  Zergling x2, Baneling x4  
  163  10:43  Zergling x2  
  163  10:44  Zergling x6  
Show
View Real Time Build Order
Export as new Build Order

Neeb Protoss - Winner!

Build Orders: 1 Gate Expand, Oracle Opening, Zealot Archon 

Get SALT Encoding   

  12  0:01  Probe (Chrono Boost)  
  13  0:11  Probe (Chrono Boost)  
  14  0:19  Pylon  
  14  0:22  Probe (Chrono Boost)  
  15  0:37  Probe (Chrono Boost)  
  15  0:40  Gateway  
  16  0:48  Probe (Chrono Boost)  
  16  0:49  Assimilator  
  17  0:58  Probe (Chrono Boost)  
  18  1:09  Probe (Chrono Boost)  
  19  1:22  Nexus  
  20  1:25  Probe (Chrono Boost)  
  20  1:35  Cybernetics Core  
  20  1:39  Probe (Chrono Boost)  
  21  1:43  Assimilator  
  21  1:49  Probe (Chrono Boost)  
  21  1:53  Pylon  
  22  2:00  Probe (Chrono Boost)  
  23  2:08  Adept  
  23  2:13  Probe (Chrono Boost)  
  26  2:23  Warp Gate  
  26  2:24  Stargate  
  26  2:25  Probe (Chrono Boost)  
  27  2:35  Probe (Chrono Boost), Adept  
  29  2:37  Probe (Chrono Boost)  
  31  2:45  Probe (Chrono Boost)  
  31  2:49  Probe (Chrono Boost)  
  33  2:56  Probe (Chrono Boost)  
  34  3:01  Probe (Chrono Boost)  
  34  3:02  Oracle  
  35  3:08  Probe (Chrono Boost)  
  40  3:13  Probe (Chrono Boost)  
  41  3:20  Probe (Chrono Boost), Gateway  
  41  3:22  Gateway  
  41  3:26  Probe (Chrono Boost)  
  42  3:29  Pylon  
  42  3:32  Probe (Chrono Boost)  
  42  3:33  Adept  
  45  3:38  Probe (Chrono Boost), Pylon  
  46  3:42  Oracle  
  49  3:55  Probe (Chrono Boost)  
  51  3:56  Probe (Chrono Boost)  
  51  3:58  Pylon  
  51  4:07  Pylon  
  51  4:08  Probe (Chrono Boost)  
  54  4:11  Mothership Core (Chrono Boost)  
  54  4:14  Nexus  
  54  4:20  Probe (Chrono Boost), Pylon  
  55  4:31  Probe (Chrono Boost)  
  56  4:32  Adept x2  
  56  4:33  Adept  
  62  4:41  Probe (Chrono Boost)  
  62  4:43  Probe (Chrono Boost)  
  64  4:48  Assimilator  
  64  4:50  Assimilator  
  64  4:52  Probe (Chrono Boost)  
  65  4:53  Robotics Facility, Probe (Chrono Boost)  
  65  4:56  Sentry  
  65  4:57  Zealot x2  
  72  5:03  Probe (Chrono Boost)  
  72  5:04  Probe (Chrono Boost)  
  74  5:11  Forge  
  74  5:13  Probe (Chrono Boost)  
  75  5:14  Twilight Council  
  75  5:16  Probe (Chrono Boost)  
  76  5:24  Probe (Chrono Boost)  
  76  5:27  Probe x2 (Chrono Boost)  
  79  5:29  Assimilator  
  79  5:31  Pylon, Protoss Ground Weapons Level 1  
  79  5:32  Sentry  
  79  5:33  Assimilator  
  79  5:34  Probe (Chrono Boost)  
  82  5:37  Warp Prism  
  82  5:38  Probe (Chrono Boost)  
  82  5:39  Probe (Chrono Boost)  
  82  5:40  Pylon  
  86  5:45  Probe (Chrono Boost)  
  86  5:48  Pylon  
  89  5:50  Probe (Chrono Boost)  
  89  5:51  Probe (Chrono Boost), Sentry  
  89  5:55  Probe (Chrono Boost)  
  92  6:02  Probe (Chrono Boost)  
  92  6:03  Probe (Chrono Boost)  
  94  6:06  Probe (Chrono Boost)  
  94  6:07  Templar Archives  
  94  6:09  Gateway  
  94  6:10  Gateway  
  94  6:11  Observer  
  95  6:14  Probe (Chrono Boost)  
  95  6:18  Probe (Chrono Boost)  
  99  6:20  Probe (Chrono Boost)  
  99  6:23  Charge  
  99  6:29  Probe (Chrono Boost)  
  99  6:30  Probe (Chrono Boost)  
  99  6:32  Probe (Chrono Boost), Immortal, Gateway  
  99  6:33  Gateway  
  99  6:34  Gateway  
  103  6:45  Pylon  
  103  7:02  Robotics Facility  
  103  7:03  Pylon  
  103  7:07  Immortal  
  107  7:17  High Templar x2  
  107  7:19  Nexus  
  107  7:20  High Templar  
  107  7:22  Pylon  
  113  7:23  Protoss Ground Weapons Level 2, Archon  
  113  7:26  Photon Cannon  
  113  7:27  Probe (Chrono Boost)  
  113  7:28  Probe (Chrono Boost)  
  113  7:29  Probe (Chrono Boost)  
  116  7:33  High Templar, Zealot x3  
  116  7:35  Pylon  
  124  7:37  Probe (Chrono Boost)  
  124  7:40  Probe (Chrono Boost), Pylon  
  124  7:41  Immortal  
  126  7:45  Archon  
  131  7:51  Probe (Chrono Boost)  
  131  7:53  Probe (Chrono Boost)  
  131  7:54  Probe (Chrono Boost)  
  131  7:55  Assimilator  
  131  7:58  Immortal  
  133  7:59  Assimilator, High Templar x2, Zealot x4  
  133  8:01  Photon Cannon  
  149  8:15  Immortal  
  149  8:17  Psionic Storm  
  153  8:34  Zealot x8  
  155  8:36  Immortal  
  171  8:48  Pylon  
  167  8:49  Pylon x2  
  167  8:51  Pylon  
  167  8:52  Pylon  
  155  8:58  High Templar x4  
  155  9:00  Zealot x4  
  155  9:02  Archon x2  
  171  9:05  Archon  
  147  9:18  Immortal  
  147  9:20  Immortal  
  135  9:28  High Templar x2  
  135  9:29  Zealot x2  
  147  9:33  Archon  
  147  9:34  High Templar x2  
  147  9:35  Zealot x2  
  155  9:38  Archon  
  155  9:54  Immortal x2  
  155  9:55  Photon Cannon x2  
  155  9:56  Gateway x2  
  163  10:01  Gateway  
  163  10:03  Zealot x3, Gateway  
  169  10:08  Zealot x3  
  175  10:23  Stargate  
  175  10:25  Fleet Beacon  
  175  10:27  Stargate  
  166  10:36  Photon Cannon  
  166  10:38  Probe x2 (Chrono Boost)  
  158  10:52  Zealot x8  
Tags
 
Add a new tag
Caveats
  • Supply blocks, unpowered buildings, or Contaminate may cause inaccurate times.
  • Supply counts are checked every 10 seconds.